Unix NetHack Version 5.0.0-0 post-release - last build May 10 2026 23:12:36 (d1fa5d53e341ca933230fdaa984d921c805b60aa,branch:main).

Game began 2026-05-14 23:55:34, ended 2026-05-15 19:35:49.

BaeHund, neutral female human Ranger

  -----------------------------------------------------
  |.....*...........|.................................|
  |.-------------.--|...----------------------------..|
  |.|-----      --- |.%.|....................*.....|..|
  |.||...|       ----...|.............<..%...+........|
  |.||...---     |....---..........[...........^...|[.-)
  |.||.....|     |)%..|............................|..|..#(##j*
  |.| ---..|     ---..------------------------------..|-.
  |.|   |..|       |.......)...................)......|...
  |.|   |..|       -(.------------------------------..|..).
  |.-----..----   ....|-----------------------     |..|.....
  |.........^.|----.--|......................|     |..|.......
  -------..---|...|.| --------------------.|.-------..|.....|..
  -------..----.{.|.|---------------------.|..........|.....|....
  |)[.[....*......|.-...)...........[..(.%.|--------------------...
  |)---------------.|---------------------.|...................|.....
  |.................|                    |.....................| ......*
  -------------------                    ------------     ------  -------
BaeHund the Trailblazer      St:17 Dx:11 Co:16 In:13 Wi:13 Ch:9  Neutral
Dlvl:11 $:402 HP:0(65) Pw:44(44) AC:-2 Xp:9 T:6945  Burdened

Latest messages:
 The human mummy misses!
 You hit the human mummy!
 The human mummy hits!
 The human mummy hits again!
 The human mummy hits!
 The human mummy hits again!
 You hit the human mummy!
 The human mummy hits!
 The human mummy hits again!
 You destroy the human mummy!
 You stop waiting.
 You kill the iguana!
 There are several objects here.
 There is an iguana corpse here; eat it? [ynq] (n) y
 This iguana corpse is fatty.
 You finish eating the iguana corpse.
 What do you want to wield? [- a-csMN or ?*] ?
 N - a pick-axe (weapon in right hand).
 You continue digging.
 You succeed in cutting away some rock.
 You start digging.
 You hit the rock with all your might.
 You succeed in cutting away some rock.
 You start digging.
 You hit the rock with all your might.
 You stop digging.
 You continue digging.
 You hit the rock with all your might.
 You stop digging.
 You continue digging.
 You hit the rock with all your might.
 You stop digging.
 The ochre jelly engulfs you!
 You are covered in slime!  It burns!
 You hit the ochre jelly.
 You are splashed by the ochre jelly's acid!
 What do you want to wield? [- a-csMN or ?*] ?
 M - an athame named Magicbane (weapon in right hand).
 You are covered in slime!  It burns!
 You hit the ochre jelly.
 The magic-absorbing blade probes the ochre jelly!
 You are splashed by the ochre jelly's acid!
 Somehow, your athame named Magicbane is not affected by the corrosion.
 You are covered in slime!  It burns!
 You die...
 Do you want your possessions identified? [ynq] (y) y
 Do you want to see your attributes? [ynq] (y) y
 Do you want an account of creatures vanquished? [ynaq] (y) y
 Do you want to see your conduct and achievements? [ynq] (y) y
 Do you want to see the dungeon overview? [ynq] (y) y

Inventory:
 Coins    ('$')
  $ - 402 gold pieces
 Weapons  (')')
  c - 56 +2 arrows (in quiver)
  b - a +1 bow (alternate weapon; not wielded)
  a - a +6 dagger
  M - the blessed rustproof +2 Magicbane (weapon in right hand)
 Armor    ('[')
  W - an uncursed +0 dwarvish iron helm (being worn)
  w - an uncursed +0 pair of kicking boots (being worn)
  e - an uncursed +2 cloak of displacement (being worn)
  F - an uncursed +0 cloak of protection
  x - an uncursed +0 dwarvish mithril-coat (being worn)
 Comestibles  ('%')
  S - an uncursed clove of garlic
  f - 4 uncursed cram rations
  o - 3 uncursed food rations
 Scrolls  ('?')
  v - 2 uncursed scrolls of amnesia
  n - an uncursed scroll of blank paper
  Z - a cursed scroll of charging
  D - an uncursed scroll of create monster
  y - an uncursed scroll of destroy armor
  q - an uncursed scroll of genocide
  r - an uncursed scroll of light
  l - an uncursed scroll of magic mapping
  V - an uncursed scroll of remove curse
  U - an uncursed scroll of teleportation
 Potions  ('!')
  K - an uncursed potion of acid
  Q - an uncursed potion of confusion
  B - a cursed potion of extra healing
  p - 2 uncursed potions of fruit juice
  g - an uncursed potion of full healing
  O - a cursed potion of object detection
  z - 2 uncursed potions of restore ability
  H - an uncursed potion of see invisible
  L - a potion of holy water
  C - an uncursed potion of water
 Rings    ('=')
  E - a cursed ring of aggravate monster
  i - a cursed ring of polymorph
  h - an uncursed ring of stealth (on right hand)
 Wands    ('/')
  t - a wand of create monster (0:14)
  T - a wand of create monster (0:13)
  k - a wand of locking (0:6)
  G - a wand of magic missile (0:5)
  I - a wand of make invisible (0:4)
 Tools    ('(')
  A - an uncursed blindfold
  j - an uncursed lock pick
  N - a +0 pick-axe
  s - a +0 unicorn horn

BaeHund the Ranger's attributes:

Background:
 You were a Trailblazer, a level 9 female human Ranger.
 You were neutral, on a mission for Venus
 who was opposed by Mercury (lawful) and Mars (chaotic).
 You were right-handed.
 You were in the Gnomish Mines, on level 11.
 You entered the dungeon 6945 turns ago.
 You had 2974 experience points, 2146 more were needed to attain level 10.

Basics:
 You had 0 out of 65 hit points.
 You had all 44 energy points (spell power).
 Your armor class was -2.
 Your wallet contained 402 zorkmids.
 Autopickup was off.

Final Characteristics:
 Your strength was 17 (limit:18/100).
 Your dexterity was 11 (limit:18).
 Your constitution was 16 (limit:18).
 Your intelligence was 13 (limit:18).
 Your wisdom was 13 (limit:18).
 Your charisma was 9 (limit:18).

Final Status:
 You were engulfed by the ochre jelly.
 You weren't hungry.
 You were burdened; movement was slightly slowed.
 You were wielding a dagger.
 You had expert skill with dagger.

Final Attributes:
 You were piously aligned.
 You were magic-protected.
 You were sleep resistant.
 You had automatic searching.
 You were displaced.
 You were stealthy.
 You were guarded.
 Your spell casting was impaired by metallic armor.
 You are dead.

Miscellaneous:
 You didn't encounter any bones levels.
 Total elapsed playing time was 3 hours, 40 minutes and 43 seconds.

Major events:
 Turn
    1: BaeHund the neutral female human Ranger entered the dungeon
 1354: entered the Gnomish Mines
 1465: attained the rank of Lookout (level 3)
 2514: attained the rank of Trailblazer (level 6)
 2734: reached Mine Town
 3500: made her first wish - "blessed fixed +2 Magicbane", got "an athame named Magicbane"
 6945: killed by an ochre jelly

Spells:
 Name                 Level Category     Fail Retention
 turn undead            6   clerical     100%  76%-100%

Skills:
 Fighting Skills
   bare handed combat [Unskilled]
   riding             [Unskilled]
 Weapon Skills
   dagger             [Expert]
   knife              [Unskilled]
   axe                [Unskilled]
   pick-axe           [Unskilled]
   short sword        [Unskilled]
   morning star       [Unskilled]
   flail              [Unskilled]
   hammer             [Unskilled]
   quarterstaff       [Unskilled]
   polearms           [Unskilled]
   spear              [Unskilled]
   trident            [Unskilled]
   bow                [Basic]
   sling              [Unskilled]
   crossbow           [Unskilled]
   dart               [Unskilled]
   shuriken           [Unskilled]
   boomerang          [Unskilled]
   whip               [Unskilled]
 Spellcasting Skills
   healing spells     [Unskilled]
   divination spells  [Unskilled]
   escape spells      [Unskilled]

Voluntary challenges:
 Character rerolling was not enabled.
 You never genocided any monsters.
 You never polymorphed an object.
 You never changed form.
 You used 1 wish (for an artifact).
Achievements:
 You entered a shop.
 You entered the Gnomish Mines.
 You attained the rank of Lookout.
 You attained the rank of Trailblazer.
 You entered Minetown.
 You entered a temple.

 The Dungeons of Doom: levels 1 to 2
    Level 1:
       A fountain, a grave.
    Level 2:
       A scroll shop, a fountain.
       Stairs down to The Gnomish Mines.
 The Gnomish Mines: levels 3 to 11
    Level 3:
    Level 4:
    Level 5:
    Level 6:
       Many shops, a temple and an altar, many fountains.
    Level 7:
    Level 8:
    Level 9:
    Level 10:
    Level 11: <- You were here.
       A fountain.
       Final resting place for
          you, killed by an ochre jelly.


Vanquished creatures:
  a quantum mechanic
  a gargoyle
  2 tengu
 an elf mummy
  a human mummy
  2 giant beetles
  a quivering blob
  a wolf
  a gremlin
  a giant spider
  3 gnome rulers
  a gold golem
  2 Green-elves
  a lizard
  a jaguar
  4 dwarf leaders
  a black unicorn
  a dust vortex
  a snake
  2 apes
  a Woodland-elf
  a soldier ant
  a wood nymph
  a rock piercer
  3 rock moles
  a fog cloud
 20 gnome leaders
  6 gnomish wizards
  a kobold mummy
  a ghoul
  a straw golem
  a floating eye
  2 kittens
 22 dwarves
  a rothe
  a monkey
  2 dwarf zombies
  a werejackal
  3 iguanas
 13 killer bees
 an acid blob
  5 coyotes
  6 hobbits
  a hobgoblin
  3 giant rats
  a cave spider
 70 gnomes
  a gnome zombie
  2 geckos
  3 jackals
  a kobold
  3 goblins
 10 sewer rats
  2 grid bugs
  2 bats
  5 lichens
  2 kobold zombies
  4 newts
234 creatures vanquished.

No species were genocided or became extinct.

Game over:
                       ----------
                      /          \
                     /    REST    \
                    /      IN      \
                   /     PEACE      \
                  /                  \
                  |     BaeHund      |
                  |      402 Au      |
                  |   killed by an   |
                  |   ochre jelly    |
                  |                  |
                  |                  |
                  |       2026       |
                 *|     *  *  *      | *
        _________)/\\_//(\/(/\)/\//\/|_)_______

Goodbye BaeHund the Ranger...

You died in The Gnomish Mines on dungeon level 11 with 12768 points,
and 402 pieces of gold, after 6945 moves.
You were level 9 with a maximum of 65 hit points when you died.

